 Dungeon Crawl Stone Soup version 0.29-a0-422-gafbd6decc1 (webtiles) character file.

Game seed: 7428815246990536691

72 rabbitsville the Grasshopper (level 4, 0/45 HPs)
             Began as an Ogre Warper on May 18, 2022.
             Was an Initiate of Ashenzari.
             Slain by an orc
             ... wielding a +0 morningstar
              (8 damage)
             ... on level 2 of the Dungeon.
             The game lasted 00:05:47 (1673 turns).

rabbitsville the Grasshopper (Ogre Warper)          Turns: 1673, Time: 00:05:47

Health: 0/45       AC:  3    Str: 17    XL:     4   Next: 25%
Magic:  8/8        EV:  9    Int: 14    God:    Ashenzari [......]
Gold:   42         SH:  0    Dex:  8    Spells: 9/9 levels left

rFire   . . .      SeeInvis .   a - +0 spear
rCold   . . .      Faith    .   (no shield)
rNeg    . . .      Spirit   .   b - +0 robe of the Ensconced Sybil {Comp, Melee} (curse)
rPois   .          Reflect  .   (helmet restricted)
rElec   .          Harm     .   (no cloak)
rCorr   .          Rampage  .   (gloves unavailable)
Will    .....                   (boots unavailable)
Stlth   +.........              (no amulet)
HPRegen 0.15/turn               (no ring)
MPRegen 0.11/turn               (no ring)

@: no status effects
A: large, unfitting armour, tough skin 1
a: Renounce Religion, Shatter the Chains


You were on level 2 of the Dungeon.
You worshipped Ashenzari.
Ashenzari was noncommittal.
You visited 1 branch of the dungeon, and saw 2 of its levels.

You collected 42 gold pieces.

Inventory:

Hand Weapons
 a - a +0 spear (weapon)
Missiles
 d - 7 boomerangs of dispersal (quivered)
 i - 2 boomerangs
Armour
 b - the cursed +0 robe of the Ensconced Sybil (worn) {Comp, Melee}

   It has a curse which improves the following skills: Companions: Summonings
   and Necromancy.
   Melee Combat: Short Blades, Long Blades, Axes, Maces & Flails, Polearms,
   Staves and Unarmed Combat.
Scrolls
 c - 4 scrolls of blinking
 e - a scroll of noise {unknown}
 f - 2 scrolls of teleportation {unknown}
 h - a scroll of identify {unknown}
Potions
 g - a potion of invisibility {unknown}
 j - a potion of curing


   Skills:
 - Level 3.2 Fighting
 + Level 2.3(2.7) Polearms
 - Level 1.0 Throwing
 - Level 2.1 Dodging
 + Level 3.2 Spellcasting
 * Level 3.7 Translocations


You had 9 spell levels left.
You didn't know any spells.
Your spell library contained the following spells:

 Spells                   Type           Power      Damage    Failure   Level
 Blink                    Tloc           24%        N/A       7%          2
 Gell's Gravitas          Tloc           12%        N/A       14%         3
 Lesser Beckoning         Tloc           12%        N/A       14%         3
 Teleport Other           Tloc           12%        N/A       14%         3
 Manifold Assault         Tloc           12%        N/A       77%         5


Dungeon Overview and Level Annotations

Branches:
Dungeon (2/15)

Altars:
Ashenzari


Innate Abilities, Weirdness & Mutations

You are too large for most types of armour.
You have tough skin. (AC +1)


Message History

You barely miss the orc.
The orc is lightly wounded.
The orc barely misses you.
You barely miss the orc. The orc hits you with a +0 short sword.
You hit the orc.
The orc is lightly wounded.
The orc barely misses you.
You hit the orc.
The orc is severely wounded.
The orc barely misses you.
You hit the orc.
You kill the orc!
The orc throws a boomerang.
The boomerang barely misses you.
You hit the orc.
The orc is heavily wounded.
The orc hits you but does no damage.
You hit the orc but do no damage.
The orc is heavily wounded.
The orc barely misses you.
You hit the orc.
The orc is severely wounded.
The orc closely misses you.
You puncture the orc!
You kill the orc!
The orc throws a boomerang.
The boomerang barely misses you.
You hit the orc but do no damage. The orc hits you with a +0 flail!
You hit the orc.
The orc is moderately wounded.
The orc closely misses you.
You hit the orc.
You kill the orc!
You hit the orc but do no damage. The orc hits you with a +0 morningstar.
* * * LOW HITPOINT WARNING * * *
You closely miss the orc. You barely miss the orc. The orc barely misses you.
You hit the orc but do no damage. The orc hits you with a +0 morningstar!
* * * LOW HITPOINT WARNING * * *
It was a potion of curing.
You feel better. The orc hits you with a +0 morningstar!
You die...

#.#.#.# #.#.#.## #.#.#...
#.#.#### #....... #.......
. ###############.......
....#.8.##..........#.....
#####
....'...o@.##########.....
#...#
....#.8.##................
#.### .
##################.... #.#
#.... #.# #.... #.# #....
#.# #.... #.# #.... #.#
#####


You could see an orc.

Vanquished Creatures
  An orc wizard (D:2)
  4 orcs (D:2)
  A bat (D:1)
  5 endoplasms (D:1)
  2 giant cockroaches (D:1)
  5 goblins
  5 hobgoblins
  4 jackals (D:2)
  A quokka (D:2)
  2 ball pythons (D:1)
  A frilled lizard (D:1)
  A kobold (D:1)
  5 rats (D:1)
37 creatures vanquished.

Notes
Turn   | Place    | Note
-------+----------+-------------------------------------------
     0 | D:1      | rabbitsville the Ogre Warper began the quest for the Orb.
     0 | D:1      | Reached XP level 1. HP: 22/22 MP: 3/3
   383 | D:1      | Reached XP level 2. HP: 29/29 MP: 5/5
   789 | D:1      | Reached XP level 3. HP: 37/37 MP: 7/7
   800 | D:1      | Found a faded altar of an unknown god.
   824 | D:1      | Prayed at the altar of an unknown god.
   824 | D:1      | Became a worshipper of Ashenzari the Shackled
  1138 | D:2      | Identified the +2 leather armour of the Spheres {Rampage
                  | Will+ Dex+4 Stlth+}
  1655 | D:2      | Reached XP level 4. HP: 29/45 MP: 8/8
  1673 | D:2      | Slain by an orc

Illustrated notes

Levels and vault maps discovered:
D:1:      dpeg_arrival_signposts, layout_rooms,
          chequers_ecumenical_altar_simple_redux,
          nicolae_concentric_dashed_squares_mild
D:2:      layout_basic, pf_guarded_unrand_delatra

Skill      XL: |  1  2  3 |
---------------+----------+-----
Translocations | 3 |  3.7
Fighting       | 3 |  3.2
Spellcasting   | 3 |  3.2
Polearms       | |  2.3
Throwing       | |  1.0
Dodging        | |  2.1

Action                   |  1- 3 |  4- 6 || total
-------------------------+-------+-------++-------
Melee: Spear             |   127 |    18 ||   145
       Punch             |     3 |       ||     3
Invok: Curse Item        |     1 |       ||     1
  Use: Potion            |       |     1 ||     1
 Stab: Sleeping          |     1 |       ||     1
Armor: Robe              |    30 |     1 ||    31
Dodge: Dodged            |    30 |    10 ||    40

Table legend: (Time is in decaauts)
 A = Elapsed time spent in this place.
 B = Non-inter-level travel time spent in this place.
 C = Inter-level travel time spent in this place.
 D = Time resting spent in this place.
 E = Time spent auto-exploring this place.
 F = Levels seen in this place.
 G = Mean time per level.
                   A        B        C        D        E       F      G
               +--------+--------+--------+--------+--------+-----+--------+
         Total |   1671 |   1637 |     34 |      0 |   1308 |   2 |  835.5 |
       Dungeon |   1671 |   1637 |     34 |      0 |   1308 |   2 |  835.5 |
               +--------+--------+--------+--------+--------+-----+--------+

Top non-repeatable levels by time:
     D:1: 1131 daAuts
     D:2: 539 daAuts
